 Dungeon Crawl Stone Soup version 0.23.2-1-ga50397a (webtiles) character file.

Game seed: 7596568949613751544

15564 loopylou the Cleaver (level 12, -5/90 HPs)
             Began as an Octopode Chaos Knight on May 30, 2019.
             Was a Plaything of Xom.
             Slain by an ogre
             ... wielding a +0 giant spiked club
              (15 damage)
             ... on level 11 of the Dungeon.
             The game lasted 00:37:13 (14437 turns).

loopylou the Cleaver (Octopode Chaos Knight)       Turns: 14437, Time: 00:37:14

Health: -5/90      AC:  6    Str: 12    XL:     12   Next: 28%
Magic:  0/18       EV: 22    Int: 13    God:    Xom [.*....]
Gold:   819        SH:  5    Dex: 17    Spells: 15/20 levels left

rFire    + . .     SeeInvis +   a - +1 hand axe (chaos)
rCold    + . .     Gourm    .   (no shield)
rNeg     + . .     Faith    .   t - +2 hat {SInv}
rPois    +         Spirit   .   j - +5 amulet of reflection
rElec    .         Reflect  +   g - ring of resist corrosion
rCorr    +         Harm     .   f - ring of stealth
MR       +....     Clarity  +   K - ring of protection from magic
Stlth    ++++......             n - +3 ring of evasion
HPRegen  0.25/turn              o - ring of magical power
MPRegen  0.16/turn              L - ring of Jyicavor {+Inv rC+ rN+ MP-9}
                                (no ring)
                                (no ring)

@: very slightly contaminated
A: almost no armour, stealthy swim, amphibious, 8 rings, constrict 8, antennae
2, beak, iridescent scales 1, camouflage 1, agile 1, clarity, dopey 1, fire
resistance 1, sense surroundings 1, poison resistance, robust 1, shaggy fur 1,
wild magic 2, gelatinous body 1, MP-powered wands
a: Renounce Religion, Evoke Invisibility


You were on level 11 of the Dungeon.
You worshipped Xom.
You were a plaything of Xom.
You were not hungry.

You visited 1 branch of the dungeon, and saw 12 of its levels.

You collected 819 gold pieces.

Inventory:

Hand Weapons
 a - a +1 hand axe of chaos (weapon)
 y - a +1 whip of electrocution
 I - a +2 trident of freezing
 P - a +3 trident of venom
Missiles
 m - 4 javelins of penetration (quivered)
 O - a throwing net
Armour
 t - a +2 hat of see invisible (worn)
Jewellery
 f - a ring of stealth (right tentacle)
 g - a ring of resist corrosion (left tentacle)
 j - a +5 amulet of reflection (around mantle)
 n - a +3 ring of evasion (on tentacle)
 o - a ring of magical power (on tentacle)
 A - the amulet "Trusted Companion" {Gourm rC+ Str+4 SInv}
   (Xom gifted it to you on level 4 of the Dungeon)

   [amulet of the gourmand]

   It allows you to eat raw meat even when not hungry.
   It affects your strength (+4).
   It protects you from cold.
   It lets you see invisible.
 B - an uncursed amulet of rage
 K - a ring of protection from magic (on tentacle)
 L - the ring of Jyicavor (on tentacle) {+Inv rC+ rN+ MP-9}
   (Xom gifted it to you on level 7 of the Dungeon)

   [ring of protection from cold]

   It protects you from cold.
   It protects you from negative energy.
   It affects your magic capacity (-9).
   It lets you turn invisible.
Wands
 E - a wand of disintegration (5)
 F - a wand of random effects (25)
 J - a wand of digging (1)
Scrolls
 k - 2 scrolls of remove curse
 l - 3 scrolls of teleportation
 r - 2 scrolls of fear
 s - 2 scrolls of blinking
 u - 2 scrolls of random uselessness
 C - 2 scrolls of amnesia
 H - 4 scrolls of fog
Potions
 c - a potion of degeneration {unknown}
 e - a potion of lignification {unknown}
 h - 5 potions of agility
 p - 11 potions of curing
 q - 3 potions of brilliance
 w - 2 potions of magic
 z - a potion of haste {unknown}
 D - a potion of heal wounds
 G - 2 potions of cancellation {unknown}
Comestibles
 b - 20 rations
 d - 2 chunks of flesh


   Skills:
 + Level 8.0 Fighting
 + Level 12.1 Axes
 + Level 8.1 Dodging
 + Level 4.6 Spellcasting
 * Level 3.9 Conjurations
 + Level 3.4 Air Magic
 - Level 8.0 Poison Magic
 * Level 5.8 Evocations


You had 15 spell levels left.
You knew the following spells:

 Your Spells              Type           Power        Failure   Level  Hunger
a - Poisonous Vapours     Pois/Air       ####..       8%          2    ##.....
b - Mephitic Cloud        Conj/Pois/Air  ####....     16%         3    ###....

Your spell library contained the following spells:

 Spells                   Type           Power        Failure   Level  Hunger
 Alistair's Intoxication  Tmut/Pois      ###.....     85%         5    ######.
 Bolt of Draining         Conj/Necr      ##........   98%         5    ######.


Dungeon Overview and Level Annotations

Branches:
Dungeon (12/15)            Temple (0/1) D:5            Lair (0/6) D:11
    Orc (0/2) D:9

Altars:
Ashenzari
Elyvilon
Fedhas
Kikubaaqudgha
Makhleb
Ru
Trog
Xom
Yredelemnul
The Shining One

Shops:
D:11 !

Annotations:
D:4 exclusion: downstairs
D:8 2 runed translucent doors, exclusion: orange crystal statue
D:9 1 exclusion
D:12 Urug
Abyss:1 Maurice


Innate Abilities, Weirdness & Mutations

You cannot wear most types of armour.
You are very stealthy in the water. (Stealth+)
You are amphibious.
You can wear up to eight rings at the same time.
You can use your tentacles to constrict eight enemies at once.
Your skin changes colour to match your surroundings (Stealth+).
Your rubbery body absorbs attacks. (AC +1, EV +1)
You have a pair of antennae on your head.
You have a beak for a mouth.
You are partially covered in iridescent scales. (AC +2)
You are agile. (Dex +2)
You possess an exceptional clarity of mind.
You are dopey. (Int -2)
Your flesh is heat resistant. (rF+)
You passively map a small area around you.
Your system is resistant to poisons. (rPois)
You are robust. (+10% HP)
You are covered in fur. (AC +1)
Your spells are harder to cast, but more powerful.
You expend magic power (3 MP) to strengthen your wands.


Message History

* * * LOW HITPOINT WARNING * * *
The silver sears you!
* * * LOW HITPOINT WARNING * * *
The ogre misses you.
Casting: Poisonous Vapours (safe; 8% risk of failure)
Confirm with . or Enter, or press ? or * to list all spells.
You don't have enough magic to cast that spell.
Urug throws a silver javelin.
The silver javelin completely misses you.
The silver javelin barely misses the ogre.
You climb upwards.
There is a stone staircase leading down here.
Casting: Poisonous Vapours (safe; 8% risk of failure)
Confirm with . or Enter, or press ? or * to list all spells.
Aiming: Poisonous Vapours (safe; 8% risk of failure)
Press: ? - help, Dir - move target cursor, f - ogre
Aim: an ogre, wielding a +0 giant spiked club (moderately wounded) Poisonous vapours surround the ogre!
The ogre is poisoned.
The ogre hits you with a +0 giant spiked club!
You die...

###########################
..........................#
..........................#
#############.............#
#.............#
#############.............#
...............O@.........#
..........................#
..........................#
..........................#
..........................#
..........................#
...............<..........#
..........................#
..........................#


You could see an ogre.

Vanquished Creatures
  Gastronok (D:9)
  Josephine (D:11)
  Erica (D:11)
  A sea snake (D:9)
  An unseen horror (D:11)
  An oklob plant (D:11)
  Pikel (D:4)
  A cyclops (D:11)
  An ugly thing (shapeshifter) (D:10)
  An ugly thing (D:11)
  Joseph (D:7)
  A komodo dragon (D:11)
  A troll (D:9)
  Grinder (D:6)
  A blink frog (D:8)
  2 hippogriffs (D:9)
  A spriggan (shapeshifter) (D:9)
  4 wraiths
  4 hungry ghosts
  10 yaks
  6 orc warriors
  Duvessa (D:6)
  A necrophage (D:6)
  An ice beast (D:8)
  6 ogres
  A black bear (D:11)
  3 sky beasts
  2 phantoms
  4 wolves (D:9)
  A centaur (D:8)
  A crocodile (D:11)
  A big kobold (D:10)
  A gnoll sergeant (D:8)
  5 bullfrogs
  Dowan (D:6)
  3 scorpions
  9 killer bees
  4 wights (D:11)
  3 electric eels (D:9)
  3 howler monkeys (D:11)
  2 bullfrog zombies
  4 crimson imps
  A jelly (D:8)
  2 centaur skeletons
  3 bullfrog skeletons
  4 hounds
  A gnoll shaman (D:10)
  4 orc priests
  An iron imp (D:6)
  2 iguanas (D:10)
  6 worker ants
  9 orc wizards
  A killer bee zombie (D:9)
  2 hound zombies
  A howler monkey skeleton (D:8)
  14 gnolls
  11 adders
  3 shadow imps
  A white imp (D:7)
  An ooze (D:3)
  2 adder skeletons (D:5)
  2 adder zombies
  2 dart slugs
  7 leopard geckos
  37 orcs
  6 bats
  10 giant cockroaches
  6 goblins
  5 hobgoblins
  5 jackals
  9 quokkas
  A ball python skeleton (D:4)
  6 frilled lizards
  A jackal zombie (D:8)
  16 kobolds
  A quokka skeleton (D:6)
  8 rats
290 creatures vanquished.

Vanquished Creatures (collateral kills)
  A manticore (D:11)
  A komodo dragon (D:11)
  A yak (D:11)
  A bullfrog (D:11)
  A crimson imp (D:11)
  An orc priest (D:9)
  An iguana (D:9)
  2 orcs (D:9)
  A kobold (D:11)
10 creatures vanquished.

Vanquished Creatures (others)
  Grum (D:9)
  An orc (D:4)
2 creatures vanquished.

Grand Total: 302 creatures vanquished

Notes
Turn   | Place    | Note
-------+----------+-------------------------------------------
     0 | D:1      | loopylou the Octopode Chaos Knight began the quest for the
                  | Orb.
     0 | D:1      | Reached XP level 1. HP: 16/16 MP: 1/1
   235 | D:1      | XOM: silly message
   279 | D:1      | Reached XP level 2. HP: 11/21 MP: 2/2
   327 | D:1      | XOM: divination: detect items
   434 | D:1      | XOM: enchant monster (bad)
   823 | D:1      | XOM: mild Conj miscast
   955 | D:1      | Reached XP level 3. HP: 25/26 MP: 3/3
  1299 | D:2      | Found a basalt altar of Yredelemnul.
  1302 | D:2      | XOM is BORED!
  1302 | D:2      | XOM: medium Hex miscast
  1525 | D:2      | Reached XP level 4. HP: 27/33 MP: 4/4
  1743 | D:2      | Found a shattered altar of Ashenzari.
  1745 | D:2      | Found a burning altar of Makhleb.
  1748 | D:2      | Found a blossoming altar of Fedhas.
  1973 | D:2      | Reached skill level 4 in Axes
  2114 | D:2      | XOM: god gift: long sword {god gift}
  2177 | D:2      | XOM: cast spell 'Statue Form'
  2804 | D:3      | XOM: 2-stop teleportation journey
  2886 | D:3      | Reached XP level 5. HP: 27/37 MP: 5/5
  3037 | D:3      | XOM is BORED!
  3037 | D:3      | XOM: mild Tmut miscast
  3361 | D:3      | XOM: scenery: create altars
  3365 | D:3      | XOM: give mutations
  3365 | D:3      | Gained mutation: Your muscles are strong. (Str +2) [Xom's
                  | grace]
  3365 | D:3      | Gained mutation: One of your tentacles bears a spike.
                  | [Xom's grace]
  3365 | D:3      | Gained mutation: Your spells are a little harder to cast,
                  | but a little more powerful. [Xom's grace]
  3365 | D:3      | Gained mutation: One of your tentacles bears a nasty spike.
                  | [Xom's grace]
  3777 | D:4      | Noticed a slave
  3779 | D:4      | Noticed Pikel
  3779 | D:4      | Noticed a slave
  3779 | D:4      | Noticed a slave
  3787 | D:4      | Killed Pikel
  3787 | D:4      | Reached skill level 5 in Fighting
  3787 | D:4      | Reached skill level 6 in Axes
  3787 | D:4      | Reached XP level 6. HP: 30/45 MP: 6/6
  3787 | D:4      | Reached XP level 7. HP: 33/50 MP: 7/7
  3810 | D:4      | XOM: divination: detect creatures
  4004 | D:4      | XOM: 1-stop teleportation journey
  4012 | D:4      | Found a white marble altar of Elyvilon.
  4046 | D:4      | Found a blossoming altar of Fedhas.
  4279 | D:4      | XOM: give mutations
  4279 | D:4      | Gained mutation: You are agile. (Dex +2) [Xom's grace]
  4279 | D:4      | Gained mutation: You have a beak for a mouth. [Xom's grace]
  4424 | D:5      | XOM: noise
  4424 | D:5      | Entered Level 5 of the Dungeon
  4588 | D:4      | XOM: god gift: pitted garnet amulet {god gift}
  4589 | D:4      | Got a pitted garnet amulet {god gift}
  4590 | D:4      | Identified the amulet "Trusted Companion" {Gourm rC+ Str+4
                  | SInv} (Xom gifted it to you on level 4 of the Dungeon)
  4624 | D:5      | Reached skill level 7 in Axes
  5104 | D:5      | XOM: god gift: 4 javelins of penetration
  5169 | D:5      | XOM: scenery: create altars
  5224 | D:5      | XOM: give mutations
  5224 | D:5      | Gained mutation: You are covered in fur. (AC +1) [Xom's
                  | grace]
  5224 | D:5      | Gained mutation: You are partially covered in iridescent
                  | scales. (AC +2) [Xom's grace]
  5224 | D:5      | Gained mutation: You have a pair of small antennae on your
                  | head. [Xom's grace]
  5245 | D:5      | Found a staircase to the Ecumenical Temple.
  5495 | D:5      | Found a glowing golden altar of the Shining One.
  5588 | D:5      | XOM: give mutations
  5588 | D:5      | Gained mutation: You expend magic power (3 MP) to
                  | strengthen your wands. [Xom's grace]
  5588 | D:5      | Gained mutation: You have a pair of antennae on your head.
                  | [Xom's grace]
  5598 | D:6      | Noticed Duvessa
  5598 | D:6      | Noticed Dowan
  5601 | D:6      | Killed Duvessa
  5601 | D:6      | Reached XP level 8. HP: 53/55 MP: 8/8
  5612 | D:5      | XOM: summons friendly crimson imp
  5729 | D:6      | XOM: scenery: 2 doors open
  5733 | D:6      | Killed Dowan
  5825 | D:6      | XOM: god gift: ripped robe {god gift}
  5828 | D:6      | Got a ripped robe {god gift}
  5839 | D:6      | Reached skill level 8 in Axes
  5884 | D:6      | XOM: god gift: thin glowing staff {god gift}
  5892 | D:6      | Noticed Grinder
  5912 | D:6      | Killed Grinder
  5947 | D:6      | Reached skill level 5 in Dodging
  6084 | D:6      | XOM: polymorph crimson imp -> iron imp
  6101 | D:6      | Found a bloodstained altar of Trog.
  6198 | D:6      | Reached skill level 9 in Axes
  6492 | D:7      | Reached XP level 9. HP: 62/62 MP: 9/9
  6550 | D:7      | Identified Sif Muna's Guide on Unholy Poison
  6551 | D:7      | XOM: divination: detect items
  6571 | D:7      | Learned a level 2 spell: Poisonous Vapours
  6707 | D:7      | Reached skill level 1 in Poison Magic
  6726 | D:7      | Found an ancient bone altar of Kikubaaqudgha.
  6846 | D:7      | Reached skill level 1 in Spellcasting
  6940 | D:7      | XOM: smoke on damage
  7000 | D:7      | Noticed Joseph
  7011 | D:7      | Killed Joseph
  7011 | D:7      | Reached skill level 1 in Evocations
  7018 | D:7      | XOM: god gift: crude tin ring {god gift}
  7019 | D:7      | Got a crude tin ring {god gift}
  7022 | D:7      | Identified the ring of Jyicavor {+Inv rC+ rN+ MP-9} (Xom
                  | gifted it to you on level 7 of the Dungeon)
  7096 | D:7      | XOM: harmless Ice miscast
  7308 | D:8      | XOM: harmless Necr miscast
  7309 | D:8      | XOM: harmless Ice miscast
  7318 | D:8      | XOM: medium Tloc miscast
  7578 | D:8      | Reached skill level 1 in Air Magic
  7604 | D:8      | Noticed an orange crystal statue
  7647 | D:8      | Found a sacrificial altar of Ru.
  7747 | D:8      | Reached skill level 10 in Axes
  7948 | D:8      | XOM: mild Tmut miscast
  8095 | D:8      | Lost mutation: You are agile. (Dex +2) [potion of mutation]
  8095 | D:8      | Lost mutation: You expend magic power (3 MP) to strengthen
                  | your wands. [potion of mutation]
  8095 | D:8      | Lost mutation: One of your tentacles bears a nasty spike.
                  | [potion of mutation]
  8095 | D:8      | Lost mutation: You have a pair of antennae on your head.
                  | [potion of mutation]
  8095 | D:8      | Gained mutation: Your mind is acute. (Int +2) [potion of
                  | mutation]
  8095 | D:8      | Lost mutation: One of your tentacles bears a spike. [potion
                  | of mutation]
  8095 | D:8      | Gained mutation: Your spells are harder to cast, but more
                  | powerful. [potion of mutation]
  8096 | D:8      | Lost mutation: Your muscles are strong. (Str +2) [potion of
                  | mutation]
  8096 | D:8      | Lost mutation: Your mind is acute. (Int +2) [potion of
                  | mutation]
  8096 | D:8      | Gained mutation: You are agile. (Dex +2) [potion of
                  | mutation]
  8096 | D:8      | Gained mutation: Your system is resistant to poisons.
                  | (rPois) [potion of mutation]
  8117 | D:8      | Noticed Maurice
  8129 | D:8      | Banished Maurice
  8129 | D:8      | Reached XP level 10. HP: 61/69 MP: 3/14
  8238 | D:8      | Found a runed translucent door.
  8244 | D:8      | Found the +10 large shield of Ignorance {rN+ Int-4}
  8256 | D:8      | Found a runed translucent door.
  8628 | D:9      | XOM: cloud trail
  8679 | D:9      | XOM: polymorph orc warrior -> wolf
  8689 | D:9      | HP: 2/69 [troll (4)]
  8947 | D:9      | Noticed Gastronok
  8958 | D:9      | XOM: summons 2 friendly demons
  8960 | D:9      | XOM: divine lightning
  8962 | D:9      | Killed Gastronok
  9160 | D:8      | XOM: draining
  9163 | D:8      | XOM: give mutations
  9163 | D:8      | Gained mutation: You are very agile. (Dex +4) [Xom's grace]
  9163 | D:8      | Gained mutation: Your flesh is heat resistant. (rF+) [Xom's
                  | grace]
  9163 | D:8      | Gained mutation: You are robust. (+10% HP) [Xom's grace]
  9227 | D:9      | XOM: divination: magic mapping
  9275 | D:9      | Noticed Grum
  9276 | D:9      | XOM: cleaving
  9283 | D:9      | Killed Grum
  9283 | D:9      | XOM: divine lightning
  9301 | D:9      | Reached skill level 11 in Axes
  9459 | D:9      | Noticed a two-headed ogre
  9459 | D:9      | XOM: polymorph bullfrog -> shapeshifter
  9473 | D:9      | Reached skill level 5 in Poison Magic
  9480 | D:9      | Noticed a sea snake
  9480 | D:9      | a two-headed ogre changed into a sea snake
  9480 | D:9      | XOM: polymorph two-headed ogre -> sea snake
  9569 | D:9      | XOM: divination: magic mapping
  9570 | D:9      | Learned a level 3 spell: Mephitic Cloud
  9648 | D:9      | Reached XP level 11. HP: 73/82 MP: 8/16
  9664 | D:9      | Killed a sea snake
  9855 | D:9      | XOM: silly message
  9981 | D:9      | Found a staircase to the Orcish Mines.
 10126 | D:9      | XOM: silly message
 10224 | D:9      | XOM: harmless Tmut miscast
 10228 | D:9      | XOM: divination: detect creatures
 10679 | D:10     | Entered Level 10 of the Dungeon
 10741 | D:10     | XOM: harmless Necr miscast
 10925 | D:10     | Noticed a green ugly thing
 10928 | D:10     | XOM: divination: detect creatures
 10938 | D:10     | Killed a cyan ugly thing
 11075 | D:10     | XOM: harmless Conj miscast
 11112 | D:10     | XOM: divination: detect creatures
 11352 | D:10     | Reached skill level 1 in Conjurations
 11400 | D:10     | XOM: noise
 11513 | D:10     | XOM: god gift: 12 bolts
 11672 | D:11     | XOM: harmless Conj miscast
 11676 | D:11     | XOM: 1-stop teleportation journey
 11771 | D:11     | Found Daufun's Distillery.
 11799 | D:11     | XOM: mild Tmut miscast
 11801 | D:11     | XOM: confusion
 11802 | D:11     | XOM: summons 11 friendly demons
 11807 | D:11     | Noticed an unseen horror
 11817 | D:11     | Killed an unseen horror
 11825 | D:11     | Noticed a manticore
 11827 | D:11     | Noticed a red ugly thing
 11834 | D:11     | Killed a manticore
 11843 | D:11     | Killed a red ugly thing
 12013 | D:11     | XOM: summons 5 hostile demons
 12273 | D:11     | XOM: medium Tmut miscast
 12310 | D:11     | Gained mutation: You are dopey. (Int -2) [mutagenic glow]
 12336 | D:11     | Lost mutation: You are very agile. (Dex +4) [mutagenic
                  | glow]
 12386 | D:11     | Found a staircase to the Lair.
 12456 | D:11     | Noticed an oklob plant
 12473 | D:11     | Killed an oklob plant
 12597 | D:11     | XOM: harmless Chrm miscast
 12607 | D:11     | XOM: potion effect (brilliance)
 12609 | D:11     | Reached skill level 5 in Evocations
 12688 | D:11     | XOM: harmless Necr miscast
 12798 | D:11     | Noticed Josephine
 12805 | D:11     | Noticed Erica
 12810 | D:11     | Killed Josephine
 12810 | D:11     | Reached XP level 12. HP: 41/90 MP: 2/18
 13006 | D:11     | Killed Erica
 13006 | D:11     | Reached skill level 12 in Axes
 13138 | D:10     | XOM: scenery: create altars
 13309 | D:9      | XOM: god gift: 60 gold pieces
 13499 | D:10     | XOM: god gift: 7 gold pieces
 13719 | D:10     | XOM: give mutations
 13719 | D:10     | Gained mutation: You possess an exceptional clarity of
                  | mind. [Xom's grace]
 13719 | D:10     | Gained mutation: You expend magic power (3 MP) to
                  | strengthen your wands. [Xom's grace]
 13719 | D:10     | Gained mutation: You have a pair of antennae on your head.
                  | [Xom's grace]
 13719 | D:10     | Gained mutation: You passively map a small area around you.
                  | [Xom's grace]
 13790 | D:11     | XOM: 3-stop teleportation journey
 13964 | D:11     | XOM: god gift: great sword {god gift}
 14094 | D:11     | XOM: confuse monster(s)
 14217 | D:11     | XOM: cast spell 'Summon Hydra'
 14420 | D:12     | Noticed Urug
 14437 | D:11     | Slain by an ogre

Skill      XL: |  1  2  3  4  5  6  7  8  9 10 11 12 |
---------------+-------------------------------------+-----
Axes           | 4 6 7 9 10 11 12 | 12.1
Fighting       | 4 5 6 7 8 |  8.0
Dodging        | 3 4 5 6 7 8 |  8.1
Poison Magic   | 3 5 7 8 |  8.0
Spellcasting   | 2 3 4 |  4.6
Evocations     | 1 3 5 |  5.8
Air Magic      | 2 3 |  3.4
Conjurations   | 3 |  3.9

Action                   |  1- 3 |  4- 6 |  7- 9 | 10-12 || total
-------------------------+-------+-------+-------+-------++-------
Melee: Hand axe          |    67 |    79 |   200 |   490 ||   836
       Constrict         |    19 |    25 |    47 |    72 ||   163
       Tentacles         |     8 |    14 |    61 |   145 ||   228
       Kick              |       |     9 |    78 |       ||    87
       Peck              |       |       |    52 |   144 ||   196
 Cast: Poisonous Vapours |       |       |       |    54 ||    54
       Mephitic Cloud    |       |       |       |     2 ||     2
 Abil: Evoke Invisibilit |       |       |       |     1 ||     1
Evoke: Wand              |       |       |     2 |       ||     2
  Use: Scroll            |       |       |    10 |    14 ||    24
       Potion            |       |       |     3 |     3 ||     6
 Stab: Sleeping          |     8 |     6 |     9 |    15 ||    38
       Distracted        |       |       |     3 |     2 ||     5
       Paralysed         |       |       |     1 |     4 ||     5
       Confused          |       |       |       |     7 ||     7
       Invisible         |       |       |       |     1 ||     1
  Eat: Chunk             |     2 |     7 |    34 |    31 ||    74
Armor: Skin              |    14 |    11 |     9 |    51 ||    85
Dodge: Dodged            |    42 |    49 |   148 |   377 ||   616
Block: Other             |       |       |       |    23 ||    23
       Reflection        |       |       |       |     6 ||     6
